 Dungeon Crawl Stone Soup version 0.28.0 (webtiles) character file.

Game seed: 12798683991658708777

60 enile the Sneak (level 3, -2/29 HPs)
             Began as a Demonspawn Wanderer on Feb 15, 2022.
             Was a Follower of Sif Muna.
             Slain by a hobgoblin (3 damage)
             ... on level 2 of the Dungeon.
             The game lasted 00:03:00 (2022 turns).

enile the Sneak (Demonspawn Wanderer)               Turns: 2022, Time: 00:03:00

Health: -2/29      AC:  3    Str: 12    XL:     3   Next: 82%
Magic:  5/5        EV: 13    Int: 13    God:    Sif Muna [*.....]
Gold:   60         SH:  0    Dex: 14    Spells: 3/4 levels left

rFire   . . .      SeeInvis .   i - +0 dagger (vamp)
rCold   . . .      Faith    .   (no shield)
rNeg    . . .      Spirit   .   d - +0 robe
rPois   .          Reflect  .   (helmet restricted)
rElec   .          Harm     .   (no cloak)
rCorr   .          Rampage  .   g - +0 pair of gloves
Will    .....                   (no boots)
Stlth   +++.......              (no amulet)
HPRegen 0.09/turn               (no ring)
MPRegen 0.09/turn               (no ring)

@: no status effects
A: horns 1, repulsion field 1
a: Renounce Religion, Channel Magic


You were on level 2 of the Dungeon.
You worshipped Sif Muna.
Sif Muna was aware of your devotion.
You visited 1 branch of the dungeon, and saw 3 of its levels.

You collected 60 gold pieces.

Inventory:

Hand Weapons
 a - a +2 dagger
 i - a +0 vampiric dagger (weapon)
 j - a +0 hand axe of venom
Armour
 d - a +0 robe (worn)
 g - a +0 pair of gloves (worn)
Jewellery
 m - a ring of magical power
Scrolls
 c - a scroll of fog
 e - 6 scrolls of identify {unknown}
 f - a scroll of amnesia {unknown}
 l - a scroll of fear {unknown}
Potions
 b - a potion of brilliance
 h - a potion of might {unknown}
 k - 2 potions of heal wounds {unknown}


   Skills:
 - Level 3.0 Fighting
 - Level 1.0 Armour
 - Level 1.0 Dodging
 - Level 4.0 Stealth
 - Level 1.0 Spellcasting
 - Level 1.0 Translocations
 + Level 2.6 Invocations


You had 3 spell levels left.
You knew the following spells:

 Your Spells              Type           Power      Damage    Failure   Level
a - Apportation           Tloc           6%         N/A       19%         1

Your spell library contained the following spells:

 Spells                   Type           Power      Damage    Failure   Level
 Gell's Gravitas          Tloc           3%         N/A       50%         3
 Conjure Flame            Conj/Fire      0%         6-21      63%         3
 Ignite Poison            Fire/Tmut/Pois 0%         N/A       63%         3
 Ozocubu's Armour         Ice            0%         N/A       63%         3
 Sticky Flame             Conj/Fire      0%         2d3       95%         4
 Metabolic Englaciation   Hex/Ice        0%         N/A       100%        5
 Simulacrum               Ice/Necr       0%         N/A       100%        6


Dungeon Overview and Level Annotations

Branches:
Dungeon (3/15)

Altars:
Sif Muna


Innate Abilities, Weirdness & Mutations

You have a pair of small horns on your head.
You are surrounded by a mild repulsion field. (EV +2)


Message History

No target in view!
A gnoll is nearby!
A gnoll is nearby!
A gnoll is nearby!
The gnoll barely misses you.
You closely miss the gnoll. The gnoll hits you with a +0 spear.
You hit the gnoll.
You feel better.
Your headbutt misses the gnoll.
The gnoll is lightly wounded.
The gnoll hits you with a +0 spear!
You hit the gnoll but do no damage.
The gnoll is lightly wounded.
The gnoll completely misses you.
The gnoll shouts!
You hit the gnoll.
You feel better.
Your headbutt misses the gnoll.
The gnoll is moderately wounded.
The gnoll hits you with a +0 spear.
There is a stone staircase leading up here.
You see here a ring of magical power.
m - a ring of magical power A quokka comes into view.
The quokka barely misses you. The gnoll misses you.
The quokka closely misses you.
You barely miss the quokka. The quokka bites you.
The gnoll hits you from afar with a +0 spear!
* * * LOW HITPOINT WARNING * * *
The quokka twitches its whiskers.
The quokka bites you.
* * * LOW HITPOINT WARNING * * *
Okay, then.
As you read the scroll of fog, it crumbles to dust.
The scroll dissolves into smoke.
The quokka closely misses you. The quokka misses you. The quokka bites you.
* * * LOW HITPOINT WARNING * * *
The quokka barely misses you. The hobgoblin hits you.
* * * LOW HITPOINT WARNING * * *
The hobgoblin hits you.
You die...

##.###§###g# #.##.# #.#.#
...§§§§§g§# #.##.####.#.#
#.###§##### ##.......g.#.###
####.###§## #..............#
.......g§.# #.###.########.#
####.###§.########.###.# #.#
#.# #..#.....>...##.# #.# #.#
#...g....g#..##.# #.# #.#
##......r@...##.# #.# #.#
###.####.#..##.# #.#
#.######............########.#
#........####....#####...^...#
########.# #.....>.....####.#
#.# #..#.######.# #.# #.#
#..#.# #.# #.# #.# #..#.# #.#
#.# #.####..#.######.# #>#


You could see a gnoll, a quokka and a hobgoblin.

Vanquished Creatures
  2 adders (D:2)
  A gnoll (D:2)
  A dart slug (D:2)
  5 bats
  An endoplasm (D:1)
  4 giant cockroaches
  4 goblins
  4 hobgoblins
  2 quokkas (D:1)
  2 ball pythons
  A frilled lizard (D:2)
  2 kobolds (D:1)
29 creatures vanquished.

Notes
Turn   | Place    | Note
-------+----------+-------------------------------------------
     0 | D:1      | enile the Demonspawn Wanderer began the quest for the Orb.
     0 | D:1      | enile set off with the following items: a +2 dagger, a
                  | potion of brilliance, a scroll of fog, a +0 robe; and the
                  | following spell memorised: Apportation; and the following
                  | spells available to memorise: Gell's Gravitas
     0 | D:1      | Reached XP level 1. HP: 15/15 MP: 2/2
   330 | D:1      | Gained mutation: You have a pair of small horns on your
                  | head. [demonic ancestry]
   330 | D:1      | Reached XP level 2. HP: 22/22 MP: 3/3
   597 | D:1      | Reached skill level 4 in Stealth
   982 | D:2      | Reached skill level 1 in Dodging
   982 | D:2      | Gained mutation: You are surrounded by a mild repulsion
                  | field. (EV +2) [demonic ancestry]
   982 | D:2      | Reached XP level 3. HP: 10/27 MP: 4/4
  1938 | D:2      | Found a faded altar of an unknown god.
  1950 | D:2      | Prayed at the altar of an unknown god.
  1950 | D:2      | Became a worshipper of Sif Muna the Loreminder
  1950 | D:2      | Reached * piety under Sif Muna
  2021 | D:2      | HP: 1/29 [hobgoblin (4)]
  2022 | D:2      | Slain by a hobgoblin

Illustrated notes

Levels and vault maps discovered:
D:1:      erik_arrival_triangle_large, layout_loops_ring
D:2:      layout_loops_ring, basic_altar, chequers_ecumenical_altar_simple
D:3:      layout_rooms, nicolae_wu_jian_wuxing_cycle

Skill      XL: |  1  2  3 |
---------------+----------+-----
Fighting       | 2 3 |  3.0
Stealth        | 4 |  4.0
Dodging        | 1 |  1.0
Armour         | |  1.0
Spellcasting   | |  1.0
Translocations | |  1.0
Invocations    | |  2.6

Action                   || total
-------------------------++-------
Melee: Dagger            ||    78
       Headbutt          ||     3
       Punch             ||     1
  Use: Scroll            ||     1
 Stab: Sleeping          ||    10
Armor: Robe              ||    16
Dodge: Dodged            ||    53
